cohdb
Replays
Latest Replays
All Replays
Popular Replays
Top Player Replays
Match Explorer
How It Works
Community
CoH3 Stats
Reddit
Sign in to upload your games and track your stats! →
Sign in with Steam
Match 40829982
Unlisted
Match 40829982
Overview
Messages
Build Orders
End
Panzergrenadier Squad
Selects Armored Support Battlegroup
Panzergrenadier Squad
250 Light Carrier
Construct Light Support Kompanie
Panzerjäger Squad
Fire Support Elements
le.IG 18 Mechanized Group
Combat Half-tracks
Flakvierling Half-track
Panzergrenadier Squad
Veteran Squad Leaders
Pak 38 Anti-tank Gun Team
Construct Panzerarmee Kommand
MG34 Team
Armored Reserves
Henkka12345
drinu019
Stark -_-
(Ɔ ˘⌣˘)♥SUBHUMMUS♥(˘⌣˘ C) BSc
Quietus
彡★🔻SALADIN🔻★彡
0
0
Comments
sign in to comment!
No comments posted yet!